[Event "Hungary Olimpic Hopes 2022"]
[Site "Tapolca"]
[Date "2022.06.25"]
[Round "5.1"]
[White "Gergely, Daniel"]
[Black "Csernyik, Mark"]
[Result "1/2-1/2"]
[ECO "E73"]
[WhiteElo "1964"]
[BlackElo "1988"]
[Annotator "RC"]
[PlyCount "74"]
[EventDate "2022.06.23"]
[EventType "swiss"]
[EventCountry "HUN"]
[SourceTitle "playchess.com"]
[Source "ChessBase"]
[SourceQuality "1"]
[TimeControl "5400+30"]

1. d4 Nf6 2. c4 g6 3. Nc3 Bg7 4. e4 d6 5. Be2 O-O 6. Bg5 c5 7. d5 e6 8. Qd2 exd5 9. exd5 Qb6 10. Nf3 Bf5 11. Nh4 Ne4 12. Nxe4 Bxe4 13. f3 h6 14. Bxh6 Bxh6 15. Qxh6 Qxb2 16. Rc1 Re8 17. Qe3 Qd4 18. Qxd4 cxd4 19. Kd2 Bf5 20. Nxf5 gxf5 21. c5 dxc5 22. Rxc5 Nd7 23. Rc4 Rad8 24. Rxd4 Nb6 25. d6 Re6 26. Rd1 Rexd6 27. Rxd6 Rxd6+ 28. Ke3 Re6+ 29. Kf2 Kg7 30. Rd4 Re5 31. a4 Kf6 32. h4 Rd5 33. Rxd5 Nxd5 34. Bc4 Nc3 35. Bb3 a5 36. Ke3 b5 37. axb5 Ke5 1/2-1/2

[Event "Hungary Olimpic Hopes 2022"]
[Site "Tapolca"]
[Date "2022.06.25"]
[Round "5.2"]
[White "Szegedy, Matyas"]
[Black "Matyassy, Lazar"]
[Result "1/2-1/2"]
[ECO "B27"]
[WhiteElo "2046"]
[BlackElo "2161"]
[Annotator "RC"]
[PlyCount "46"]
[EventDate "2022.06.23"]
[EventType "swiss"]
[EventCountry "HUN"]
[SourceTitle "playchess.com"]
[Source "ChessBase"]
[SourceQuality "1"]
[TimeControl "5400+30"]

1. e4 c5 2. Nf3 g6 3. c3 Bg7 4. d4 cxd4 5. cxd4 d5 6. Bb5+ Bd7 7. Bxd7+ Qxd7 8. e5 Nc6 9. Nc3 Nh6 10. Bxh6 Bxh6 11. O-O O-O 12. Re1 e6 13. Qb3 f6 14. Qa4 a6 15. Rad1 b5 16. Qc2 Rac8 17. Qd3 fxe5 18. Nxe5 Nxe5 19. dxe5 Qf7 20. f3 Rc4 21. b3 Rh4 22. Ne2 Qa7+ 23. Kh1 Bf4 1/2-1/2

[Event "Hungary Olimpic Hopes 2022"]
[Site "Tapolca"]
[Date "2022.06.25"]
[Round "5.3"]
[White "Herczeg, Marcell"]
[Black "Turcsanyi, Vince Gergo"]
[Result "0-1"]
[ECO "C45"]
[WhiteElo "2045"]
[BlackElo "2120"]
[Annotator "RC"]
[PlyCount "110"]
[EventDate "2022.06.23"]
[EventType "swiss"]
[EventCountry "HUN"]
[SourceTitle "playchess.com"]
[Source "ChessBase"]
[SourceQuality "1"]
[TimeControl "5400+30"]

1. e4 e5 2. Nf3 Nc6 3. d4 exd4 4. Nxd4 Nf6 5. Nxc6 bxc6 6. e5 Nd5 7. c4 Ne7 8. Bd3 Ng6 9. O-O d6 10. exd6 Bxd6 11. Be4 O-O 12. Nc3 Be6 13. b3 Qf6 14. Bb2 Rad8 15. Qf3 Qg5 16. Bxg6 Qxg6 17. Ne4 Bg4 18. Qc3 Be7 19. f3 Bf5 20. Qe5 Bxe4 21. Qxe4 Qxe4 22. fxe4 Bc5+ 23. Kh1 Rfe8 24. Rad1 Kf8 25. e5 Ke7 26. g4 Ke6 27. Kg2 Rxd1 28. Rxd1 h5 29. h3 hxg4 30. hxg4 Be7 31. Kf3 Bg5 32. Bc3 Rh8 33. Kg3 Bh4+ 34. Kf3 Be7 35. Kg3 Bc5 36. b4 Be7 37. b5 cxb5 38. cxb5 Rd8 39. Rxd8 Bxd8 40. Bd4 Kd5 41. Bxa7 Kc4 42. Kf4 Kxb5 43. Ke4 c5 44. Kd5 c4 45. Bd4 Kb4 46. e6 fxe6+ 47. Kxe6 Bf6 48. Be3 Ka3 49. g5 Bb2 50. Kf7 Kxa2 51. g6 Be5 52. Ke6 Bf6 53. Kd5 c3 54. Ke4 c2 55. Kd3 Kb1 0-1

[Event "Hungary Olimpic Hopes 2022"]
[Site "Tapolca"]
[Date "2022.06.25"]
[Round "5.4"]
[White "Szakmary, Domonkos"]
[Black "Kolimar, Kristof Pal"]
[Result "1/2-1/2"]
[ECO "B40"]
[WhiteElo "1934"]
[BlackElo "2203"]
[Annotator "ChessBase"]
[PlyCount "62"]
[EventDate "2022.06.23"]
[EventType "swiss"]
[EventCountry "HUN"]
[SourceTitle "playchess.com"]
[Source "ChessBase"]
[SourceQuality "1"]
[TimeControl "5400+30"]

1. e4 c5 2. Nf3 e6 3. d4 cxd4 4. Bg5 Qc7 5. Nxd4 a6 6. Bd3 Nc6 7. Nb3 Be7 8. Bxe7 Ngxe7 9. Nc3 O-O 10. O-O b5 11. a3 Bb7 12. Nc5 Rfd8 13. Nxb7 Qxb7 14. Qf3 Qc7 15. Rfd1 Rac8 16. Qg3 Qxg3 17. hxg3 d5 18. exd5 exd5 19. Re1 d4 20. Ne2 Ng6 21. Bxg6 hxg6 22. Rad1 Rd6 23. Rd2 Rcd8 24. Red1 Kf8 25. c3 d3 26. Nc1 Ne5 27. f4 Nc4 28. Rxd3 Rxd3 29. Nxd3 Ne3 30. Rd2 Nc4 31. Rd1 Ne3 1/2-1/2

[Event "Hungary Olimpic Hopes 2022"]
[Site "Tapolca"]
[Date "2022.06.25"]
[Round "5.5"]
[White "Szarvas, Nora Orsolya"]
[Black "Eros, Vivien"]
[Result "1/2-1/2"]
[ECO "B33"]
[WhiteElo "1669"]
[BlackElo "1592"]
[Annotator "NA RC"]
[PlyCount "66"]
[EventDate "2022.06.23"]
[EventType "swiss"]
[EventCountry "HUN"]
[SourceTitle "playchess.com"]
[Source "ChessBase"]
[SourceQuality "1"]
[TimeControl "5400+30"]

1. e4 c5 2. Nf3 Nc6 3. d4 cxd4 4. Nxd4 Nf6 5. Nc3 e5 6. Ndb5 d6 7. Bg5 a6 8. Na3 b5 9. Nd5 Be7 10. Bxf6 Bxf6 11. c4 b4 12. Nc2 a5 13. g3 O-O 14. Bg2 Be6 15. O-O Bg5 16. Qd3 Ne7 17. Nce3 Bxe3 18. Nxe3 Qd7 19. Rfd1 Rfd8 20. Rd2 Rac8 21. b3 Qc7 22. Rad1 Nc6 23. Nc2 Ra8 24. Qe3 a4 25. Qe2 axb3 26. axb3 Ra7 27. Qd3 Ra2 28. c5 Na5 29. Nxb4 Rxd2 30. Qxd2 Qxc5 31. Nd3 Qb5 32. b4 Nb3 33. Qb2 Nd4 1/2-1/2

[Event "Hungary Olimpic Hopes 2022"]
[Site "Tapolca"]
[Date "2022.06.25"]
[Round "5.6"]
[White "Balazs, Sztella Anna"]
[Black "Kovacs, Reka"]
[Result "1/2-1/2"]
[ECO "C50"]
[WhiteElo "1572"]
[BlackElo "1685"]
[Annotator "NA RC"]
[PlyCount "52"]
[EventDate "2022.06.23"]
[EventType "swiss"]
[EventCountry "HUN"]
[SourceTitle "playchess.com"]
[Source "ChessBase"]
[SourceQuality "1"]
[TimeControl "5400+30"]

1. e4 e5 2. Nf3 Nc6 3. Bc4 Nf6 4. d3 Bc5 5. c3 a6 6. Bb3 d6 7. h3 Be6 8. Bc2 Ba7 9. O-O h6 10. Nbd2 Qd7 11. Re1 O-O 12. Nf1 Rfe8 13. Be3 Rad8 14. Bxa7 Nxa7 15. Ng3 Nc8 16. d4 exd4 17. cxd4 d5 18. e5 Nh7 19. Qd3 Nf8 20. Rac1 Ne7 21. Bb1 Neg6 22. Qe3 Qe7 23. Nf5 Qd7 24. Ng3 Qe7 25. Nf5 Qd7 26. Ng3 Qe7 1/2-1/2

[Event "Hungary Olimpic Hopes 2022"]
[Site "Tapolca"]
[Date "2022.06.25"]
[Round "5.7"]
[White "Lazsadi, Kerka Lilla"]
[Black "Beznicza, Mira"]
[Result "1-0"]
[ECO "A25"]
[WhiteElo "1755"]
[BlackElo "1635"]
[Annotator "NA RC"]
[PlyCount "119"]
[EventDate "2022.06.23"]
[EventType "swiss"]
[EventCountry "HUN"]
[SourceTitle "playchess.com"]
[Source "ChessBase"]
[SourceQuality "1"]
[TimeControl "5400+30"]

1. c4 e5 2. Nc3 Nc6 3. g3 Nf6 4. Bg2 Bb4 5. e3 Bxc3 6. bxc3 O-O 7. d4 d6 8. Ne2 h6 9. O-O Rb8 10. Rb1 Bf5 11. Rb2 Be4 12. f3 Bg6 13. e4 Qe7 14. Be3 a6 15. d5 Nd8 16. Nc1 Nd7 17. g4 Rc8 18. Qe1 Nb6 19. Qe2 Nd7 20. Rd1 c5 21. Bf1 Bh7 22. Qf2 g5 23. h4 f6 24. Qg3 Qf7 25. Rdd2 Kg7 26. Rh2 Bg6 27. Rh1 Qe8 28. hxg5 fxg5 29. Rbh2 Nf7 30. Rh3 Rh8 31. Qh2 Qf8 32. Ne2 b5 33. Ng3 bxc4 34. Bxc4 a5 35. Bb5 Nb6 36. a4 Rb8 37. c4 Nc8 38. Bd2 Ra8 39. Bc3 Qd8 40. Qd2 Ne7 41. Nf5+ Bxf5 42. gxf5 Ng8 43. f4 Nf6 44. fxg5 Nxg5 45. Rg3 Nfxe4 46. Qg2 Nxg3 47. Qxg3 Kf6 48. Qd3 Qg8 49. Kf1 Qh7 50. Ke1 Kf7 51. Bd7 h5 52. Be6+ Kf6 53. Bd2 Qg7 54. Kd1 Nxe6 55. fxe6 Qg4+ 56. Kc1 Ke7 57. Rf1 e4 58. Rf7+ Ke8 59. Qb3 e3 60. Qb5+ 1-0

[Event "Hungary Olimpic Hopes 2022"]
[Site "Tapolca"]
[Date "2022.06.25"]
[Round "5.8"]
[White "Horvath, Greta"]
[Black "Bende, Eniko Tunde"]
[Result "0-1"]
[ECO "B35"]
[WhiteElo "1365"]
[BlackElo "1142"]
[Annotator "NA RC"]
[PlyCount "68"]
[EventDate "2022.06.23"]
[EventType "swiss"]
[EventCountry "HUN"]
[SourceTitle "playchess.com"]
[Source "ChessBase"]
[SourceQuality "1"]
[TimeControl "5400+30"]

1. e4 c5 2. Nf3 Nc6 3. d4 cxd4 4. Nxd4 g6 5. Nc3 Bg7 6. Be3 Nf6 7. Bc4 O-O 8. O-O Nxe4 9. Bxf7+ Rxf7 10. Nxe4 Rf8 11. Qd2 a6 12. f4 Qc7 13. c3 d5 14. Ng3 Qd6 15. Rad1 e6 16. Nb3 b6 17. Bxb6 Qb8 18. Bc5 Rd8 19. Rf2 Qb5 20. Bd4 Nxd4 21. Nxd4 Qc4 22. b3 Qc7 23. Re2 Re8 24. Rc1 Bd7 25. c4 Qc5 26. Rd1 Rac8 27. cxd5 exd5 28. Rxe8+ Rxe8 29. Kh1 Bxd4 30. Rc1 Qb6 31. Re1 Rxe1+ 32. Qxe1 Qe6 33. Qb4 Qe3 34. Qb8+ Kf7 0-1

[Event "Hungary Olimpic Hopes 2022"]
[Site "Tapolca"]
[Date "2022.06.25"]
[Round "5.9"]
[White "Bod, Marton"]
[Black "Feher, Botond"]
[Result "1-0"]
[ECO "B76"]
[WhiteElo "1738"]
[BlackElo "1792"]
[Annotator "NA RC"]
[PlyCount "35"]
[EventDate "2022.06.23"]
[EventType "swiss"]
[EventCountry "HUN"]
[SourceTitle "playchess.com"]
[Source "ChessBase"]
[SourceQuality "1"]
[TimeControl "5400+30"]

1. e4 c5 2. Nf3 d6 3. d4 cxd4 4. Nxd4 Nf6 5. Nc3 g6 6. Be3 Bg7 7. f3 O-O 8. Qd2 Nc6 9. O-O-O Bd7 10. h4 Rc8 11. h5 Nxh5 12. g4 Ng3 13. Rh3 Nxf1 14. Rxf1 Ne5 15. Qh2 Nc4 16. Rxh7 Nxe3 17. Rh8+ Bxh8 18. Rh1 1-0

[Event "Hungary Olimpic Hopes 2022"]
[Site "Tapolca"]
[Date "2022.06.25"]
[Round "5.10"]
[White "Lehocz, Jozsef Jr."]
[Black "Szabo, Akos"]
[Result "1/2-1/2"]
[ECO "E09"]
[WhiteElo "1963"]
[BlackElo "1662"]
[Annotator "RC"]
[PlyCount "106"]
[EventDate "2022.06.23"]
[EventType "swiss"]
[EventCountry "HUN"]
[SourceTitle "playchess.com"]
[Source "ChessBase"]
[SourceQuality "1"]
[TimeControl "5400+30"]

1. Nf3 d5 2. c4 e6 3. g3 Nf6 4. Bg2 Be7 5. O-O O-O 6. d4 Nbd7 7. Nbd2 c6 8. Qc2 b6 9. b3 Bb7 10. Bb2 Rc8 11. Rac1 Ba6 12. Rfd1 Qc7 13. e4 Qb8 14. Qb1 Rfd8 15. Bf1 Bb7 16. Bd3 dxe4 17. Nxe4 Nxe4 18. Bxe4 Nf6 19. Ne5 Nxe4 20. Qxe4 Bf6 21. Qf4 Bxe5 22. dxe5 Rxd1+ 23. Rxd1 Rd8 24. Rd6 c5 25. Qg5 Re8 26. Qd2 h6 27. Kf1 Ba8 28. Rd3 Qb7 29. f3 Qb8 30. Kf2 Bb7 31. Bc3 Ba8 32. Ke1 Bc6 33. Kf2 Ba8 34. Rd6 Qb7 35. Qd3 Qa6 36. a4 Qc8 37. Rd7 Bc6 38. Rd6 a5 39. h4 Qa8 40. g4 Rf8 41. Kg3 Kh8 42. Bd2 Kg8 43. h5 Kh8 44. g5 hxg5 45. Bxg5 Rg8 46. Kf2 Rf8 47. Qd2 Bxf3 48. Bf6 Kh7 49. Be7 Bxh5 50. Bxf8 Qf3+ 51. Ke1 Qh1+ 52. Kf2 Qh2+ 53. Kf1 Qh1+ 1/2-1/2

[Event "Hungary Olimpic Hopes 2022"]
[Site "Tapolca"]
[Date "2022.06.25"]
[Round "5.11"]
[White "Karacsonyi, Bank"]
[Black "Berla, Zoltan Mate"]
[Result "1-0"]
[ECO "B33"]
[WhiteElo "1812"]
[BlackElo "1454"]
[Annotator "NA RC"]
[PlyCount "71"]
[EventDate "2022.06.23"]
[EventType "swiss"]
[EventCountry "HUN"]
[SourceTitle "playchess.com"]
[Source "ChessBase"]
[SourceQuality "1"]
[TimeControl "5400+30"]

1. e4 c5 2. Nf3 Nc6 3. d4 cxd4 4. Nxd4 Nf6 5. Nc3 e5 6. Ndb5 d6 7. Bg5 a6 8. Na3 b5 9. Nd5 Be7 10. Bxf6 Bxf6 11. c3 O-O 12. Nc2 Bg5 13. a4 bxa4 14. Rxa4 Bb7 15. Ncb4 a5 16. Nxc6 Bxc6 17. Ra2 Bb7 18. Bc4 Rc8 19. Qd3 Kh8 20. O-O Re8 21. Rfa1 Rc5 22. b3 f5 23. Rd1 fxe4 24. Qxe4 Rf8 25. g3 Bxd5 26. Rxd5 Qb6 27. h4 Be7 28. Kg2 Rfc8 29. h5 Rxd5 30. Qxd5 Qc5 31. Rxa5 Qxd5+ 32. Bxd5 h6 33. Ra7 Bf6 34. Kh3 Rc5 35. Ra8+ Kh7 36. Bg8+ 1-0

[Event "Hungary Olimpic Hopes 2022"]
[Site "Tapolca"]
[Date "2022.06.25"]
[Round "5.12"]
[White "Kerekes, Laszlo Fulop"]
[Black "Baki, Bence"]
[Result "1-0"]
[ECO "D37"]
[WhiteElo "1455"]
[BlackElo "1566"]
[Annotator "NA"]
[PlyCount "63"]
[EventDate "2022.06.23"]
[EventType "swiss"]
[EventCountry "HUN"]
[SourceTitle "playchess.com"]
[Source "ChessBase"]
[SourceQuality "1"]
[TimeControl "5400+30"]

1. d4 d5 2. c4 e6 3. Nf3 Nf6 4. Nc3 Nbd7 5. Bg5 Be7 6. e3 h6 7. Bh4 O-O 8. Bd3 dxc4 9. Bxc4 Nb6 10. Bd3 Nfd5 11. Bxe7 Qxe7 12. O-O Bd7 13. Rc1 Bc6 14. Ne5 Nxc3 15. Nxc6 bxc6 16. Rxc3 Qd7 17. Qf3 Nd5 18. Rc5 Rab8 19. b3 Rb6 20. Rfc1 Rfb8 21. g4 Nb4 22. Bb1 Ra6 23. g5 Rb5 24. gxh6 gxh6 25. Qf6 Nd5 26. Qxh6 f5 27. Rxb5 cxb5 28. Kh1 Nxe3 29. fxe3 Qd5+ 30. e4 Qxd4 31. Rg1+ Kf7 32. Qh7+ 1-0

[Event "Hungary Olimpic Hopes 2022"]
[Site "Tapolca"]
[Date "2022.06.25"]
[Round "5.13"]
[White "Balazs, Szabina Zoe"]
[Black "Biro, Beata"]
[Result "0-1"]
[ECO "B41"]
[WhiteElo "1426"]
[BlackElo "1480"]
[Annotator "NA RC"]
[PlyCount "72"]
[EventDate "2022.06.23"]
[EventType "swiss"]
[EventCountry "HUN"]
[SourceTitle "playchess.com"]
[Source "ChessBase"]
[SourceQuality "1"]
[TimeControl "5400+30"]

1. e4 c5 2. Nf3 e6 3. d4 cxd4 4. Nxd4 a6 5. c4 Qc7 6. Nc3 Nf6 7. Be3 b6 8. f3 Bb7 9. Nc2 d6 10. Qd2 Nbd7 11. Be2 Be7 12. b3 Rc8 13. Rc1 b5 14. Nb1 bxc4 15. Bxc4 d5 16. exd5 exd5 17. Bd3 O-O 18. O-O Bd6 19. g3 Qb8 20. Nb4 Qa8 21. Nc2 Ne5 22. Be2 Rfd8 23. Nd4 a5 24. Bg5 Ned7 25. Nf5 Bb4 26. Qb2 Re8 27. a3 Bc5+ 28. Kg2 Qb8 29. b4 axb4 30. axb4 Bxb4 31. Bb5 Qe5 32. Bxf6 Qxf5 33. Bxg7 Rxc1 34. Rxc1 d4 35. Bxd7 Qxf3+ 36. Kh3 Qh5# 0-1

[Event "Hungary Olimpic Hopes 2022"]
[Site "Tapolca"]
[Date "2022.06.25"]
[Round "5.14"]
[White "Balogh, Gerda"]
[Black "Molnar, Dalma Reka"]
[Result "0-1"]
[ECO "B36"]
[WhiteElo "1531"]
[BlackElo "1554"]
[Annotator "NA RC"]
[PlyCount "70"]
[EventDate "2022.06.23"]
[EventType "swiss"]
[EventCountry "HUN"]
[SourceTitle "playchess.com"]
[Source "ChessBase"]
[SourceQuality "1"]
[TimeControl "5400+30"]

1. e4 c5 2. Nf3 Nc6 3. d4 cxd4 4. Nxd4 g6 5. c4 Nf6 6. Nc3 d6 7. Be2 Nxd4 8. Qxd4 Bg7 9. Be3 O-O 10. O-O-O Ng4 11. Qd2 Nxe3 12. Qxe3 Be6 13. f4 Qc7 14. Qd3 Rac8 15. Nd5 Bxd5 16. exd5 b5 17. b3 bxc4 18. bxc4 Rb8 19. Rd2 Rb6 20. Qc2 Rfb8 21. Rf1 Qb7 22. Bd3 Rb2 23. Qxb2 Bxb2+ 24. Kd1 Bg7 25. Ke2 Qd7 26. Rfd1 Qg4+ 27. Ke1 Bc3 28. Kf1 Bxd2 29. Rxd2 Qxf4+ 30. Rf2 Qc1+ 31. Ke2 Rb2+ 32. Kf3 Rxf2+ 33. Kxf2 Qd2+ 34. Kg3 Qxd3+ 35. Kf2 Qxc4 0-1

[Event "Hungary Olimpic Hopes 2022"]
[Site "Tapolca"]
[Date "2022.06.25"]
[Round "5.17"]
[White "Szollosi, Balazs"]
[Black "Papai, Mate"]
[Result "1-0"]
[ECO "B44"]
[WhiteElo "1294"]
[BlackElo "1406"]
[Annotator "NA RC"]
[PlyCount "77"]
[EventDate "2022.06.23"]
[EventType "swiss"]
[EventCountry "HUN"]
[SourceTitle "playchess.com"]
[Source "ChessBase"]
[SourceQuality "1"]
[TimeControl "5400+30"]

1. e4 c5 2. Nf3 e6 3. d4 cxd4 4. Nxd4 Nc6 5. c4 Bb4+ 6. Bd2 Bxd2+ 7. Qxd2 Nf6 8. Nxc6 bxc6 9. Nc3 O-O 10. Be2 Bb7 11. O-O d5 12. exd5 cxd5 13. Bf3 Qc7 14. cxd5 Nxd5 15. Bxd5 Bxd5 16. Nxd5 exd5 17. Qxd5 Rfd8 18. Qf3 h6 19. h3 Qb6 20. b3 Rac8 21. Rfd1 Qg6 22. Rxd8+ Rxd8 23. Rd1 Qf6 24. Rxd8+ Qxd8 25. a4 Qc8 26. Qe3 Qb8 27. Qc5 Qxb3 28. Qxa7 Qd1+ 29. Kh2 g5 30. a5 Qd6+ 31. g3 Qd2 32. a6 Qa2 33. Qb6 Kh7 34. a7 Kg7 35. Qd4+ Kg6 36. Qe4+ f5 37. Qe8+ Kf6 38. a8=Q Qxf2+ 39. Qg2 1-0

[Event "Hungary Olimpic Hopes 2022"]
[Site "Tapolca"]
[Date "2022.06.25"]
[Round "5.18"]
[White "Biro, David Benedek"]
[Black "Minga-Nagy, Abel Inti"]
[Result "0-1"]
[ECO "B20"]
[WhiteElo "1117"]
[BlackElo "1364"]
[Annotator "NA RC"]
[PlyCount "136"]
[EventDate "2022.06.23"]
[EventType "swiss"]
[EventCountry "HUN"]
[SourceTitle "playchess.com"]
[Source "ChessBase"]
[SourceQuality "1"]
[TimeControl "5400+30"]

1. e4 c5 2. b4 cxb4 3. d4 e6 4. Nf3 d5 5. e5 Nc6 6. Bd3 Nge7 7. Bg5 Qa5 8. Nbd2 g6 9. Bf6 Rg8 10. Nb3 Qb6 11. O-O Nf5 12. Bxf5 gxf5 13. Ng5 h6 14. Nh7 Bd7 15. Nxf8 Kxf8 16. Nc5 Ke8 17. c3 Rb8 18. cxb4 Qxb4 19. Rb1 Qxd4 20. Qxd4 Nxd4 21. Nxb7 Bb5 22. Nd6+ Kd7 23. Nxb5 Nxb5 24. Rb4 Nc3 25. a3 Rxb4 26. axb4 Rb8 27. Ra1 Rb7 28. Ra6 Ke8 29. Rd6 Rb8 30. f3 Kf8 31. Kf2 Kg8 32. h4 h5 33. Rd8+ Rxd8 34. Bxd8 Kf8 35. Ke3 Ke8 36. Bc7 a6 37. Kd2 Nb5 38. Bb6 Kd7 39. Kc2 Kc6 40. Bc5 a5 41. Kb3 Nc7 42. Bd6 Nb5 43. Bc5 axb4 44. Kxb4 Nc7 45. Bd4 Na6+ 46. Kc3 Nc5 47. Be3 Kb5 48. g4 fxg4 49. fxg4 hxg4 50. h5 Nd7 51. Bf4 f5 52. Kd4 Kb4 53. Bg3 Kb3 54. Kd3 Kb2 55. Kd2 d4 56. Kd3 Kc1 57. Bf4+ Kd1 58. Bg3 Nf8 59. Bh4 f4 60. Kxd4 Ke2 61. Bg5 f3 62. Bh4 f2 63. Bxf2 Kxf2 64. Ke4 g3 65. Kf4 g2 66. h6 g1=Q 67. h7 Qg3+ 68. Ke4 Qe3# 0-1

[Event "Hungary Olimpic Hopes 2022"]
[Site "Tapolca"]
[Date "2022.06.25"]
[Round "5.20"]
[White "Hangay, Lilla"]
[Black "Hangyal, Anna"]
[Result "0-1"]
[ECO "C48"]
[WhiteElo "1239"]
[BlackElo "1105"]
[Annotator "NA RC"]
[PlyCount "98"]
[EventDate "2022.06.23"]
[EventType "swiss"]
[EventCountry "HUN"]
[SourceTitle "playchess.com"]
[Source "ChessBase"]
[SourceQuality "1"]
[TimeControl "5400+30"]

1. e4 e5 2. Nf3 Nc6 3. Nc3 Nf6 4. Bb5 d6 5. d4 exd4 6. Nxd4 Bd7 7. O-O Be7 8. Bxc6 bxc6 9. Qf3 O-O 10. Re1 Bg4 11. Qg3 Qd7 12. h3 Be6 13. Nf5 Bxf5 14. exf5 Rfe8 15. Qf3 d5 16. Rd1 Bd6 17. Bg5 Qe7 18. Bh4 Rab8 19. b3 Be5 20. Re1 Qb4 21. Rxe5 Rxe5 22. Qg3 Rxf5 23. Qxc7 Re8 24. Qg3 Qd4 25. Rd1 Qb4 26. Na4 Nh5 27. Qd3 Rfe5 28. Bg3 Nxg3 29. Qxg3 Re1+ 30. Rxe1 Qxe1+ 31. Kh2 Qe4 32. c3 Qe5 33. f4 Qe1 34. Qg4 Qe2 35. Qg3 Qxa2 36. Nc5 Qe2 37. f5 Qe5 38. Nd7 Qxg3+ 39. Kxg3 Re3+ 40. Kf4 Rxc3 41. f6 Rxb3 42. fxg7 Kxg7 43. Ne5 c5 44. g4 c4 45. h4 c3 46. Ke3 Rb4 47. Kd3 Re4 48. Nc6 Rxg4 49. Kxc3 Rc4+ 0-1

[Event "Hungary Olimpic Hopes 2022"]
[Site "Tapolca"]
[Date "2022.06.25"]
[Round "6.1"]
[White "Turcsanyi, Vince Gergo"]
[Black "Csernyik, Mark"]
[Result "0-1"]
[ECO "B76"]
[WhiteElo "2120"]
[BlackElo "1988"]
[Annotator "NA RC"]
[PlyCount "62"]
[EventDate "2022.06.23"]
[EventType "swiss"]
[EventCountry "HUN"]
[SourceTitle "playchess.com"]
[Source "ChessBase"]
[SourceQuality "1"]
[TimeControl "5400+30"]

1. e4 c5 2. Nf3 d6 3. d4 cxd4 4. Nxd4 Nf6 5. Nc3 g6 6. Be3 Bg7 7. f3 O-O 8. Bc4 Nc6 9. Bb3 Bd7 10. h4 h5 11. Qd2 a6 12. O-O-O Ne5 13. g4 hxg4 14. h5 Nxh5 ({Less strong is} 14... gxh5 15. Bh6 e6 16. Bxg7 Kxg7 17. f4) 15. Bh6 e6 {[%emt 0:00:31] [#]} (15... gxf3 $2 {[#]} 16. Rxh5 $1 Bf6 17. Rxe5 dxe5 18. Nxf3 $18) (15... Nxf3 $2 16. Nxf3 e6 17. Nh2 $18) (15... Kh7 $1 $11 {remains equal.} 16. Bxg7 Kxg7) 16. Bxg7 $2 (16. Rdg1 $1 $16 {is forced if you want to stay better.} g3 17. Nce2) 16... Kxg7 17. fxg4 Nxg4 $17 18. Rdg1 Nhf6 19. Qg5 Rh8 20. Nf3 Qb6 21. Nd1 Qc5 22. e5 dxe5 23. Rxh8 Rxh8 24. Rxg4 Nxg4 25. Qxg4 Bc6 26. Ng5 Bd5 27. c4 b5 28. Kb1 Bxc4 29. Bc2 Bxa2+ 30. Kxa2 Qxc2 31. Nc3 Qf5 0-1

[Event "Hungary Olimpic Hopes 2022"]
[Site "Tapolca"]
[Date "2022.06.25"]
[Round "6.2"]
[White "Matyassy, Lazar"]
[Black "Gergely, Daniel"]
[Result "1/2-1/2"]
[ECO "B35"]
[WhiteElo "2161"]
[BlackElo "1964"]
[Annotator "RC"]
[PlyCount "47"]
[EventDate "2022.06.23"]
[EventType "swiss"]
[EventCountry "HUN"]
[SourceTitle "playchess.com"]
[Source "ChessBase"]
[SourceQuality "1"]
[TimeControl "5400+30"]

1. e4 c5 2. Nf3 Nc6 3. d4 cxd4 4. Nxd4 Nf6 5. Nc3 g6 6. Be3 Bg7 7. Bc4 Qa5 8. O-O O-O 9. Bb3 d6 10. h3 Bd7 11. Nf3 Qh5 12. Bg5 h6 13. Be3 b5 14. a3 a5 15. Nd5 Nxe4 16. Nb6 Bxh3 17. Nd2 Bg4 18. f3 Nxd2 19. fxg4 Qh4 20. Qxd2 Be5 21. Bf4 Bd4+ 22. Be3 Be5 23. Bf4 Bd4+ 24. Be3 1/2-1/2

[Event "Hungary Olimpic Hopes 2022"]
[Site "Tapolca"]
[Date "2022.06.25"]
[Round "6.3"]
[White "Megyaszai, Balazs"]
[Black "Giang, Tran Nam"]
[Result "0-1"]
[ECO "B40"]
[WhiteElo "1945"]
[BlackElo "2124"]
[Annotator "NA RC"]
[PlyCount "104"]
[EventDate "2022.06.23"]
[EventType "swiss"]
[EventCountry "HUN"]
[SourceTitle "playchess.com"]
[Source "ChessBase"]
[SourceQuality "1"]
[TimeControl "5400+30"]

1. e4 c5 2. Nf3 e6 3. d4 cxd4 4. Nxd4 Qb6 5. Nb3 Qc7 6. Nc3 a6 7. a4 b6 8. Bd3 Nf6 9. Bd2 Be7 10. Qe2 d6 11. O-O Nc6 12. f4 O-O $11 13. Rae1 (13. Rf3 $142) 13... Re8 (13... d5 $11) 14. e5 Nd7 15. exd6 Qxd6 16. Ne4 Qc7 17. c3 Bb7 18. Qf2 g6 19. Be3 f5 20. Ned2 Bf6 21. Bc4 Kg7 22. Nd4 Nxd4 23. cxd4 Qc6 24. Qf3 b5 25. Qxc6 Bxc6 26. axb5 axb5 27. Bb3 Bd5 28. Rc1 Nb6 29. Rc5 Bxb3 30. Nxb3 Nd5 31. Bd2 Reb8 32. g3 Ra2 33. Rb1 Ra4 34. Bc3 Kf7 35. Re1 Ra6 36. Bd2 Be7 37. Rc2 Rd8 38. Kg2 Ra2 39. Nc5 Rc8 40. Rec1 Bf6 41. Nb3 Rxc2 42. Rxc2 Ra4 43. Rc5 Bxd4 44. Rxb5 Bxb2 45. Rb7+ Kg8 46. Rb8+ Kg7 47. Kh3 Bd4 48. Bc1 Kh6 49. Re8 Bg1 50. Kg2 Be3 51. Rxe6 Ra2+ 52. Kf3 Rf2# 0-1

[Event "Hungary Olimpic Hopes 2022"]
[Site "Tapolca"]
[Date "2022.06.25"]
[Round "6.4"]
[White "Kolimar, Kristof Pal"]
[Black "Szegedy, Matyas"]
[Result "1/2-1/2"]
[ECO "A05"]
[WhiteElo "2203"]
[BlackElo "2046"]
[Annotator "RC"]
[PlyCount "90"]
[EventDate "2022.06.23"]
[EventType "swiss"]
[EventCountry "HUN"]
[SourceTitle "playchess.com"]
[Source "ChessBase"]
[SourceQuality "1"]
[TimeControl "5400+30"]

1. Nf3 Nf6 2. c4 g6 3. g3 b6 4. Bg2 Bb7 5. O-O Bg7 6. d4 O-O 7. Nc3 Ne4 8. Nxe4 Bxe4 9. Be3 c5 10. Qd2 d6 11. Bh6 Nd7 12. Bxg7 Kxg7 13. Rfd1 Nf6 14. b3 Qc8 15. Rac1 Rb8 16. Qc3 Rd8 17. d5 Qd7 18. Bf1 Bxf3 19. exf3 e5 20. Kg2 Re8 21. Re1 b5 22. cxb5 Nxd5 23. Qd2 Nf6 24. Red1 Rbd8 25. b4 cxb4 26. Qxb4 d5 27. Rc5 e4 28. fxe4 Rxe4 29. Rd4 Qg4 30. Rxe4 dxe4 31. Qc3 Rd6 32. Rc7 Rd7 33. Rc6 Qf5 34. a4 Re7 35. Bc4 e3 36. f3 e2 37. Qe1 Qc2 38. Kf2 Qd1 39. Bxe2 Qd4+ 40. Kf1 Nd5 41. Qc1 Ne3+ 42. Ke1 Ng2+ 43. Kf1 Ne3+ 44. Ke1 Ng2+ 45. Kf1 Ne3+ 1/2-1/2

[Event "Hungary Olimpic Hopes 2022"]
[Site "Tapolca"]
[Date "2022.06.25"]
[Round "6.5"]
[White "Eros, Vivien"]
[Black "Lazsadi, Kerka Lilla"]
[Result "1-0"]
[ECO "A40"]
[WhiteElo "1592"]
[BlackElo "1755"]
[Annotator "NA RC"]
[PlyCount "67"]
[EventDate "2022.06.23"]
[EventType "swiss"]
[EventCountry "HUN"]
[SourceTitle "playchess.com"]
[Source "ChessBase"]
[SourceQuality "1"]
[TimeControl "5400+30"]

1. d4 e6 2. Nf3 d5 3. Bf4 c5 4. e3 Nc6 5. c3 c4 6. b3 b5 7. a4 b4 8. bxc4 bxc3 9. Nxc3 Bb4 10. Qc2 Qa5 11. Rc1 Nf6 12. Nd2 Bd7 13. Be2 Bxc3 14. Qxc3 Qxa4 15. O-O Qa5 16. Qxa5 Nxa5 17. cxd5 Nxd5 18. Bd6 Nb7 19. Ba3 Nd8 20. Ne4 Bc6 21. Nd6+ Kd7 22. Bf3 f6 23. Rfd1 a5 24. Nc4 Ra6 25. e4 Nb6 26. Nxb6+ Rxb6 27. d5 Ba8 28. dxe6+ Kxe6 29. Bg4+ Kf7 30. Rc7+ Kg6 31. Bf5+ Kh6 32. h4 g6 33. Bc1+ Kh5 34. Rxd8 1-0